 Dungeon Crawl Stone Soup version 0.30-a0-777-ga9a30cbeda (webtiles) character file.

Game seed: 2995695081067636997

9758 bande the Cleaver (level 11, -3/67 HPs)
             Began as a Gargoyle Fighter on Feb 15, 2023.
             Was an Elder of Okawaru.
             Slain by a culicivora (12 damage)
             ... on level 2 of the Lair of Beasts.
             The game lasted 00:16:38 (9603 turns).

bande the Cleaver (Gargoyle Fighter)                Turns: 9603, Time: 00:16:38

Health: -3/67      AC: 29    Str: 20    XL:     11   Next: 51%
Magic:  14/14      EV:  6    Int:  9    God:    Okawaru [****..]
Gold:   607        SH:  5    Dex: 13    Spells: 8/10 levels left

rFire   . . .      SeeInvis .    a - +1 war axe (heavy)
rCold   + . .      Faith    +    c - +0 buckler
rNeg    + . .      Spirit   .    u - +0 plate armour
rPois   ∞          Reflect  .    (no helmet)
rElec   +          Harm     .    s - +1 cloak
rCorr   .          Rampage  .    g - +2 pair of gloves
Will    .....                    o - +0 pair of boots Stlth
                                 w - amulet of faith
HPRegen 0.31/turn                B - ring of protection from cold
MPRegen 0.14/turn                (no ring)

@: no status effects
A: sickness immunity, AC +8, negative energy resistance 1, electricity
resistance, torment resistance 1, petrification resistance
a: Renounce Religion, Heroism, Finesse


You were on level 2 of the Lair of Beasts.
You worshipped Okawaru.
Okawaru was greatly pleased with you.
You visited 3 branches of the dungeon, and saw 11 of its levels.
You also visited: Sewer.

You collected 607 gold pieces.

Inventory:

Hand Weapons
 a - a +1 heavy war axe (weapon)
 i - a +0 war axe
 k - a +5 flail
 D - a +1 heavy war axe
 E - the +5 shortbow "Rill" {flame, rN+ Int+7}
   (You took it off a centaur on level 8 of the Dungeon)

   Int:       It affects your intelligence (+7).
   rN:        It protects you from negative energy.
Armour
 c - a +0 buckler (worn)
 g - a +2 pair of gloves (worn)
 o - a +0 pair of boots (worn)
 s - a +1 cloak (worn)
 u - a +0 plate armour (worn)
Jewellery
 h - the ring of Isiaza Buicu {rPois rF+ Str+6}
   (You found it on level 2 of the Lair of Beasts)

   [ring of strength]

   Str:       It affects your strength (+6).
   rF:        It protects you from fire.
   rPois:     It protects you from poison.
 w - an amulet of faith (around neck)
 B - a ring of protection from cold (left hand)
Wands
 f - a wand of iceblast (5)
 j - a wand of light (11)
Scrolls
 m - 5 scrolls of blinking
 t - 2 scrolls of teleportation
 y - a scroll of amnesia
 A - a scroll of enchant weapon
 F - a scroll of identify
Potions
 b - 2 potions of cancellation {unknown}
 d - 3 potions of might
 e - a potion of curing
 l - 3 potions of mutation {unknown}
 n - a potion of flight {unknown}
 p - 2 potions of haste {unknown}
 q - 3 potions of invisibility
 r - 2 potions of magic {unknown}
 v - 7 potions of ambrosia
 x - 3 potions of attraction {unknown}
 C - a potion of degeneration {unknown}


   Skills:
 + Level 7.4 Fighting
 + Level 9.3 Axes
 + Level 8.6 Armour
 - Level 0.3 Stealth
 + Level 6.2 Shields
 * Level 6.2 Translocations
 * Level 4.8 Invocations
 * Level 5.4 Evocations


You had 8 spell levels left.
You knew the following spells:

 Your Spells              Type           Power      Damage    Failure   Level
a - Blink                 Tloc           22%        N/A       75%         2

Your spell library contained the following spells:

 Spells                   Type           Power      Damage    Failure   Level
 Lesser Beckoning         Tloc           22%        N/A       75%         2
 Gell's Gravitas          Tloc           11%        N/A       92%         3
 Teleport Other           Tloc           11%        N/A       92%         3
 Momentum Strike          Conj/Tloc      10%        3d8       99%         2
 Beastly Appendage        Tmut           0%         N/A       100%        1
 Magic Dart               Conj           0%         1d3       100%        1
 Searing Ray              Conj           0%         2d4       100%        2
 Wereblood                Tmut           0%         N/A       100%        2
 Spider Form              Tmut/Pois      0%         N/A       100%        3
 Airstrike                Air            0%         2d(0-16)  100%        4
 Dispel Undead            Necr           0%         3d6       100%        4
 Passage of Golubria      Tloc           11%        N/A       100%        4
 Borgnjor's Vile Clutch   Necr/Erth      0%         N/A       100%        5
 Yara's Violent Unravell  Hex/Tmut       0%         3d3       100%        5
 Dispersal                Tloc           5%         N/A       100%        6
 Fire Storm               Conj/Fire      0%         5d1       100%        9
 Cigotuvi's Dreadful Rot  Necr/Pois/Air  Unusable   N/A       N/A         2
 Tukima's Dance           Hex            Unusable   N/A       N/A         3
 Animate Dead             Necr           Unusable   N/A       N/A         4
 Summon Lightning Spire   Summ/Air       Unusable   N/A       N/A         4
 Death Channel            Necr           Unusable   N/A       N/A         6

Dungeon Overview and Level Annotations

Branches:
Dungeon (8/15)             Temple (1/1) D:7            Lair (2/5) D:8
  Sewer (visited)
  Swamp: Lair:2-3    Shoals: Lair:2-3     Snake: Lair:2-3    Spider: Lair:2-3

Altars:
Ashenzari
Cheibriados
Dithmenos
Elyvilon
Gozag
Kikubaaqudgha
Okawaru
Qazlal
Uskayaw
Vehumet
Xom
Yredelemnul
Zin

Annotations:
Lair:2 3 runed translucent doors


Innate Abilities, Weirdness & Mutations

You are immune to sickness and miasma.
Your stone body is resilient. (AC +8)
You are immune to poison.
You resist negative energy. (rN+)
You are resistant to electric shocks. (rElec)
You are resistant to unholy torment.
You are immune to petrification.


Message History

The jumping spider leaps!
The jumping spider pounces on you but does no damage.
The jumping spider bites you but does no damage.
The culicivora bites you but does no damage. x2
The jumping spider pounces on you but does no damage.
The jumping spider barely misses you.
You are too injured to fight recklessly!
You are too injured to fight recklessly!
You are too injured to fight recklessly!
You are too injured to fight recklessly!
You are too injured to fight recklessly!
You are too injured to fight recklessly!
You are too injured to fight recklessly!
You are too injured to fight recklessly!
You are too injured to fight recklessly!
You are too injured to fight recklessly!
You are too injured to fight recklessly!
Unknown command.
You miss the culicivora.
The culicivora is heavily wounded.
You completely miss the jumping spider.
The culicivora bites you but does no damage.
The jumping spider pounces on you but does no damage.
The jumping spider bites you but does no damage.
You block the culicivora's attack.
The jumping spider pounces on you but does no damage.
The jumping spider barely misses you.
You slash the culicivora!
The culicivora is almost dead.
You slice the jumping spider!! The culicivora barely misses you.
The jumping spider pounces on you but does no damage.
The jumping spider barely misses you.
The jumping spider leaps!
The culicivora bites you!
* * * LOW HITPOINT WARNING * * *
You barely miss the culicivora.
The culicivora is almost dead.
The culicivora bites you!
* * * LOW HITPOINT WARNING * * *
The culicivora bites you!
You die...

≈ ## ~ .P#
. ...s .
#≈≈≈ ...#
..# #s##
##@## #.#°#
## ##.## ##
#.# #.##
###P
#.###^###.#
....
#.#...#.##
#...
#^....## #
##...##
#...P#


You could see a culicivora and a jumping spider.

Vanquished Creatures
  A boulder beetle (Lair:1)
  5 cane toads
  3 komodo dragons
  Maggie (D:6)
  A queen bee (Lair:1)
  Grinder (D:3)
  3 blink frogs
  A wyvern (D:7)
  4 yaks (Lair:2)
  Eustachio (D:4)
  A basilisk (Lair:1)
  A redback (Lair:2)
  Edmund (D:4)
  5 water moccasins
  2 black bears
  An orc warrior (D:6)
  A centaur (D:8)
  2 ogres
  A phantom (D:4)
  2 bullfrogs (Lair:1)
  2 kobold brigands (Sewer)
  5 necrophages
  A wyvern zombie (D:8)
  3 scorpions
  14 wights
  23 killer bees (Lair:1)
  3 howler monkeys (D:8)
  2 centaur zombies (D:8)
  4 hounds
  A jelly (D:6)
  A human zombie (D:8)
  2 orc priests
  Jessica (D:3)
  2 iguanas
  Ijyb (D:4)
  4 orc wizards
  A killer bee zombie (D:8)
  A howler monkey zombie (D:8)
  9 adders
  2 river rats (Sewer)
  A shadow imp (D:7)
  2 ufetubi (D:6)
  5 worms
  3 dart slugs
  18 orcs
  10 endoplasms
  2 giant cockroaches
  7 goblins
  5 hobgoblins
  2 quokkas
  13 ball pythons
  4 bats
  A frilled lizard (D:3)
  8 kobolds
  8 rats
209 creatures vanquished.

Vanquished Creatures (others)
  2 fungi (Lair:2)
  5 plants
7 creatures vanquished.

Grand Total: 216 creatures vanquished

Notes
Turn   | Place    | Note
-------+----------+-------------------------------------------
     0 | D:1      | bande the Gargoyle Fighter began the quest for the Orb.
     0 | D:1      | Reached XP level 1. HP: 14/14 MP: 1/1
   240 | D:1      | Reached XP level 2. HP: 19/19 MP: 2/2
   256 | D:1      | Reached skill level 2 in Axes
   358 | D:1      | Reached XP level 3. HP: 23/23 MP: 3/3
   929 | D:2      | Learned a level 2 spell: Blink
   932 | D:2      | Reached XP level 4. HP: 29/29 MP: 4/4
   990 | D:3      | Noticed Jessica
  1001 | D:3      | Killed Jessica
  1002 | D:3      | Reached skill level 3 in Axes
  1080 | D:3      | Noticed Grinder
  1093 | D:3      | Paralysed by Grinder for 2 turns
  1105 | D:3      | Killed Grinder
  1106 | D:3      | Reached skill level 4 in Axes
  1106 | D:3      | Reached skill level 1 in Translocations
  1106 | D:3      | Reached XP level 5. HP: 17/33 MP: 5/5
  1106 | D:3      | Reached XP level 6. HP: 20/38 MP: 6/6
  1419 | D:3      | Found a broken altar of Ashenzari.
  1705 | D:4      | Noticed Ijyb
  1710 | D:4      | Killed Ijyb
  1807 | D:4      | Found an ancient bone altar of Kikubaaqudgha.
  1809 | D:4      | Noticed Edmund
  1820 | D:4      | Killed Edmund
  1821 | D:4      | Reached XP level 7. HP: 30/43 MP: 7/7
  1981 | D:4      | Found an opulent altar of Gozag.
  2125 | D:4      | Got Vaush's Quarto of Percussion and the Nimbus
  2140 | D:4      | Reached skill level 5 in Axes
  2216 | D:4      | Reached skill level 5 in Armour
  2274 | D:4      | Found a stormy altar of Qazlal.
  2317 | D:4      | Noticed Eustachio
  2328 | D:4      | Killed Eustachio
  2661 | D:5      | Entered Level 5 of the Dungeon
  2741 | D:5      | Reached XP level 8. HP: 46/48 MP: 8/8
  2878 | D:5      | Found a snail-covered altar of Cheibriados.
  3037 | D:5      | Reached skill level 1 in Evocations
  3176 | D:6      | Reached skill level 5 in Fighting
  3178 | D:6      | Reached skill level 6 in Axes
  3588 | D:6      | Noticed Maggie
  3598 | D:6      | Killed Maggie
  3599 | D:6      | Reached skill level 7 in Axes
  3599 | D:6      | Reached XP level 9. HP: 45/55 MP: 9/9
  3672 | D:6      | Found a glowing drain.
  3681 | Sewer    | Entered a sewer
  4404 | D:6      | Found a radiant altar of Vehumet.
  4541 | D:7      | Found a white marble altar of Elyvilon.
  5228 | D:7      | Found a staircase to the Ecumenical Temple.
  5237 | Temple   | Entered the Ecumenical Temple
  5244 | Temple   | Became a worshipper of Warmaster Okawaru
  5422 | D:8      | Found a staircase to the Lair.
  5464 | D:8      | Found a shadowy altar of Dithmenos.
  5527 | D:8      | Reached skill level 1 in Invocations
  5710 | D:8      | Found a basalt altar of Yredelemnul.
  5757 | D:8      | Reached skill level 5 in Shields
  5928 | D:8      | Reached XP level 10. HP: 59/60 MP: 11/11
  6145 | D:8      | Reached skill level 8 in Axes
  6146 | D:8      | Reached * piety under Okawaru
  6190 | D:8      | Reached skill level 5 in Translocations
  6260 | D:8      | Identified the +5 shortbow "Rill" {flame, rN+ Int+7}
  6447 | D:8      | Found a hide-covered altar of Uskayaw.
  6556 | D:8      | Found a shimmering altar of Xom.
  6604 | Lair:1   | Entered Level 1 of the Lair of Beasts
  7164 | Lair:1   | Reached ** piety under Okawaru
  7184 | Lair:1   | HP: 3/61 [killer bee (7)]
  7185 | Lair:1   | HP: 1/61 [killer bee (2)]
  7761 | Lair:1   | Noticed a cane toad
  7774 | Lair:1   | Killed a cane toad
  7774 | Lair:1   | Reached *** piety under Okawaru
  7831 | Lair:1   | Noticed a cane toad
  7837 | Lair:1   | Killed a cane toad
  7853 | Lair:1   | Noticed a boulder beetle
  7873 | Lair:1   | Killed a boulder beetle
  7874 | Lair:1   | Reached skill level 5 in Evocations
  7874 | Lair:1   | Reached XP level 11. HP: 35/67 MP: 12/14
  7957 | Lair:1   | Reached skill level 9 in Axes
  7982 | Lair:1   | Reached **** piety under Okawaru
  9132 | Lair:2   | Found a runed translucent gate.
  9132 | Lair:2   | Found a runed translucent gate.
  9133 | Lair:2   | Found a runed translucent gate.
  9192 | Lair:2   | Identified the ring of Isiaza Buicu {rPois rF+ Str+6}
  9603 | Lair:2   | Slain by a culicivora

Illustrated notes

Levels and vault maps discovered:
D:1:      sevenhm_arrival_forest_fort_large_2, layout_basic
D:2:      layout_rooms
D:3:      layout_rooms, ashenzari_altar_1, uniq_grinder, uniq_jessica
D:4:      layout_loops_cross, grunt_qazlal_sundering,
          nicolae_gozag_cash_rules_everything_around_me,
          mainiacjoe_overflow_catwalk, grunt_ministairs_7, minmay_between,
          uniq_ijyb, uniq_edmund, uniq_eustachio
D:5:      layout_rooms, mainiacjoe_overflow_paths
D:6:      layout_loops_ring, mainiacjoe_overflow_six_doors_small,
          gup_sewer_entry_bubbles, minmay_misc_feat_chi, uniq_maggie
D:7:      layout_basic, elyvilon_altar_5, minmay_temple_entry_junction
D:8:      layout_cave_pools, nicolae_dithmenos_through_a_glass_darkly,
          lemuel_mausoleum_altar_yredelemnul, old_standard_altar,
          lemuel_doored_altar, lair_entry_dummy
Temple:   nicolae_temple_bog_church
Lair:1:   layout_gridlike, special_room [special_room_bee],
          grunt_forest_stairs_basic
Lair:2:   layout_loops_ring, swamp_mist, nicolae_spider_entry_tight_spaces,
          gammafunk_ghost_icy, nicolae_quartered_pool_medium,
          infiniplex_staircase_pool, lemuel_fruit_tree

Skill      XL: |  1  2  3  4  5  6  7  8  9 10 11 |
---------------+----------------------------------+-----
Axes           | 2 4 5 7 8 9 |  9.3
Armour         | 4 5 6 8 |  8.6
Fighting       | 4 5 6 7 |  7.4
Translocations | 1 2 3 4 5 6 |  6.2
Evocations     | 2 3 5 |  5.4
Shields        | 4 5 6 |  6.2
Invocations    | 1 4 |  4.8
Stealth        | |  0.3

Action                     |  1- 3 |  4- 6 |  7- 9 | 10-12 || total
---------------------------+-------+-------+-------+-------++-------
  Melee: War axe           |    84 |    76 |   283 |   239 ||   682
    Use: Scroll            |       |     8 |     6 |     5 ||    19
         Potion            |       |       |     1 |     4 ||     5
 Armour: Scale mail        |    42 |    43 |   146 |       ||   231
         Plate armour      |       |       |    86 |   367 ||   453
  Dodge: Dodged            |    53 |    25 |   145 |   141 ||   364
  Block: Buckler           |    21 |    10 |   106 |   116 ||   253

Table legend: (Time is in decaauts)
 A = Elapsed time spent in this place.
 B = Non-inter-level travel time spent in this place.
 C = Inter-level travel time spent in this place.
 D = Time resting spent in this place.
 E = Time spent auto-exploring this place.
 F = Levels seen in this place.
 G = Mean time per level.
                   A        B        C        D        E       F      G
               +--------+--------+--------+--------+--------+-----+--------+
         Total |  10142 |   9972 |    170 |   2279 |   5421 |  12 |  845.2 |
       Dungeon |   6861 |   6691 |    170 |   1276 |   3895 |   8 |  857.6 |
        Temple |     17 |     17 |      0 |      0 |      0 |   1 |   17.0 |
          Lair |   2745 |   2745 |      0 |   1003 |   1244 |   2 | 1372.5 |
         Sewer |    517 |    517 |      0 |      0 |    281 |   1 |  517.0 |
               +--------+--------+--------+--------+--------+-----+--------+

Top non-repeatable levels by time:
  Lair:1: 2246 daAuts
     D:8: 1609 daAuts
     D:6: 1049 daAuts
     D:4: 1003 daAuts
     D:7: 911 daAuts
     D:3: 742 daAuts
     D:1: 625 daAuts
     D:5: 525 daAuts
   Sewer: 517 daAuts
  Lair:2: 499 daAuts
     D:2: 394 daAuts
  Temple: 17 daAuts
